 Dungeon Crawl Stone Soup version 0.27-a0-1140-g099f9bb0e8 (webtiles) character file.

Game seed: 14204236974897161850

956 freelancePsychic the Vandal (level 8, -2/64 HPs)
             Began as a Formicid Hunter on May 9, 2021.
             Was an Initiate of Qazlal.
             Slain by a water moccasin (8 damage)
             ... on level 5 of the Dungeon.
             The game lasted 00:13:14 (5853 turns).

freelancePsychic the Vandal (Formicid Hunter)       Turns: 5853, Time: 00:13:14

Health: -2/64      AC:  7    Str: 16 (18) XL:     8   Next: 36%
Magic:  11/11      EV: 13    Int:  9 (12) God:    Qazlal [......]
Gold:   282        SH:  0    Dex:  9 (11) Spells: 7/7 levels left

rFire    . . .     SeeInvis +   b - +0 flail
rCold    . . .     Faith    .   (no shield)
rNeg     . . .     Spirit   .   p - +0 scale mail
rPois    +         Reflect  .   (helmet unavailable)
rElec    .         Harm     .   (no cloak)
rCorr    .         Rampage  .   (no gloves)
Will     .....                  f - +0 pair of boots
Stlth    +.........             (no amulet)
HPRegen  0.20/turn              k - ring of poison resistance
MPRegen  0.12/turn              t - +4 ring of evasion

@: no status effects
A: permanent stasis, dig shafts and tunnels, antennae 3, four strong arms
a: Dig, Shaft Self, Renounce Religion


You were on level 5 of the Dungeon.
You worshipped Qazlal.
Qazlal was noncommittal.
You visited 1 branch of the dungeon, and saw 5 of its levels.

You collected 282 gold pieces.

Inventory:

Hand Weapons
 a - a +2 hunting sling
 b - a +0 flail (weapon)
 d - a +0 halberd
 n - a +0 short sword
Missiles
 e - 105 stones
 s - 18 sling bullets
Armour
 f - a +0 pair of boots (worn)
 p - a +0 scale mail (worn)
Jewellery
 j - an amulet of magic regeneration
 k - a ring of poison resistance (left hand)
 t - a +4 ring of evasion (right hand)
Scrolls
 i - a scroll of enchant armour
 m - 2 scrolls of identify {@r1}
 o - a scroll of fear {unknown}
Potions
 g - a potion of mutation {unknown}
 h - a potion of degeneration
 l - a potion of haste {@q3}
 q - a potion of flight {unknown}
 r - a potion of ambrosia {unknown}


   Skills:
 + Level 5.8 Fighting
 - Level 7.9 Slings
 - Level 1.7 Dodging
 - Level 3.6 Stealth
 * Level 4.3 Invocations


You had 7 spell levels left.
You didn't know any spells.
Your spell library contained the following spells:

 Spells                   Type           Power      Damage    Failure   Level
 Magic Dart               Conj           0%         1d3       83%         1
 Searing Ray              Conj           0%         3d3       93%         2
 Dazzling Flash           Conj/Hex       0%         N/A       99%         3
 Fulminant Prism          Conj/Hex       0%         3d6       100%        4
 Iskenderun's Mystic Bla  Conj/Tloc      0%         2d3       100%        4


Dungeon Overview and Level Annotations

Branches:
Dungeon (5/15)
 Temple: D:4-7

Altars:
Elyvilon
Qazlal
Sif Muna
Wu Jian

Annotations:
D:3 1 transporter, noodleboyJ's ghost, weakling HOMo
D:5 3 runed translucent doors, reriks's ghost, novice OgFi


Innate Abilities, Weirdness & Mutations

You cannot be hasted, slowed, berserked, paralysed or teleported.
You can dig through walls and to a lower floor.
You have a pair of large antennae on your head. (SInv)
Your four strong arms can wield two-handed weapons with a shield.


Message History

The water moccasin is moderately wounded.
The water moccasin bites you but does no damage.
The water moccasin bites you.
You barely miss the water moccasin.
The water moccasin is lightly wounded.
The water moccasin bites you.
The water moccasin bites you but does no damage.
You barely miss the water moccasin.
The water moccasin is lightly wounded.
The water moccasin misses you. x2
You thump the water moccasin!
The water moccasin is heavily wounded.
The water moccasin bites you but does no damage.
The water moccasin bites you.
You barely miss the water moccasin.
The water moccasin is heavily wounded.
The water moccasin bites you.
* * * LOW HITPOINT WARNING * * *
The water moccasin closely misses you.
You sock the water moccasin!
The water moccasin is almost dead.
The water moccasin barely misses you. x2
You barely miss the water moccasin.
The water moccasin is severely wounded.
The water moccasin barely misses you. The water moccasin closely misses you.
You hit the water moccasin.
The water moccasin is almost dead.
The water moccasin bites you!
* * * LOW HITPOINT WARNING * * *
The water moccasin barely misses you.
It was a potion of degeneration.
There was something very wrong with that liquid.
You feel weakened.
You feel dopey.
You feel clumsy.
The water moccasin completely misses you.
You barely miss the water moccasin.
The water moccasin is almost dead.
The water moccasin bites you.
* * * LOW HITPOINT WARNING * * *
The water moccasin bites you!
You die...

.###..####..# .###.##
#..# .. .....# ##..#
.. ..##### #...####
#.# .)....###.#....#
#..# ...............#
#...
.....#########.## ..#
.....#...oW{ #..##.##
..)..#.[$$..{#..@SZ.#
.)...#..#.#..#..###.#
.....#.#...#.#..# ..
†.)..#..#.#..#... ...
.....#.......#.<.#
..⌠
.....#.......#...# ..
..##.###+++###...$ .
..##.............#
..###........


You could see a water moccasin and a water moccasin zombie.

Vanquished Creatures
  A water moccasin (D:5)
  2 necrophages
  An ogre (D:4)
  Blork the orc (D:4)
  A scorpion (D:5)
  A howler monkey (D:5)
  2 hounds
  An orc priest (D:5)
  A centaur skeleton (D:5)
  An iguana (D:4)
  Terence (D:2)
  An orc wizard (D:4)
  Natasha (D:3)
  A hound skeleton (D:4)
  3 gnolls (D:2)
  5 adders
  An ufetubus (D:5)
  3 adder skeletons (D:4)
  A worm (D:2)
  4 dart slugs
  10 orcs
  11 endoplasms
  4 giant cockroaches
  5 goblins
  5 hobgoblins
  11 kobolds
  4 quokkas (D:1)
  3 ball pythons
  12 bats
  2 frilled lizards
  7 rats
107 creatures vanquished.

Notes
Turn   | Place    | Note
-------+----------+-------------------------------------------
     0 | D:1      | freelancePsychic the Formicid Hunter began the quest for
                  | the Orb.
     0 | D:1      | Reached XP level 1. HP: 16/16 MP: 1/1
   118 | D:1      | Reached XP level 2. HP: 23/23 MP: 2/2
   356 | D:1      | Reached XP level 3. HP: 28/28 MP: 3/3
   445 | D:1      | Found a faded altar of an unknown god.
   501 | D:1      | Reached skill level 5 in Slings
  1175 | D:2      | Reached XP level 4. HP: 33/34 MP: 4/4
  1545 | D:3      | Reached XP level 5. HP: 30/41 MP: 5/5
  1683 | D:3      | Found a white marble altar of Elyvilon.
  1718 | D:3      | Found a transporter.
  1722 | D:3      | Noticed noodleboyJ's ghost (weakling HOMo)
  1999 | D:3      | Noticed Natasha
  2005 | D:3      | Killed Natasha
  2219 | D:3      | Identified the +1 great mace "Ypsem" {holy, rElec rN+}
  2219 | D:3      | Noticed an ogre
  2568 | D:2      | Reached skill level 6 in Slings
  3015 | D:2      | Noticed Terence
  3037 | D:2      | Killed Terence
  3038 | D:2      | Reached XP level 6. HP: 28/47 MP: 6/6
  3481 | D:4      | Noticed Blork the orc
  3503 | D:4      | Killed Blork the orc
  4291 | D:4      | Reached skill level 7 in Slings
  4497 | D:4      | Reached XP level 7. HP: 54/54 MP: 7/7
  4717 | D:4      | Found a stormy altar of Qazlal.
  4818 | D:4      | Became a worshipper of Qazlal Stormbringer
  5232 | D:5      | Entered Level 5 of the Dungeon
  5232 | D:5      | Found an ornate altar of the Wu Jian Council.
  5295 | D:5      | Noticed reriks's ghost (novice OgFi)
  5450 | D:4      | Reached skill level 5 in Fighting
  5450 | D:4      | Reached skill level 1 in Invocations
  5580 | D:5      | Found a shimmering blue altar of Sif Muna.
  5587 | D:5      | Reached XP level 8. HP: 62/62 MP: 9/9
  5611 | D:5      | Found a runed translucent gate.
  5611 | D:5      | Found a runed translucent gate.
  5611 | D:5      | Found a runed translucent gate.
  5853 | D:5      | Slain by a water moccasin

Illustrated notes

Levels and vault maps discovered:
D:1:      eino_arrival_tree_alley, layout_basic,
          hellmonk_ecumenical_altar_heavens_door
D:2:      layout_basic, minmay_randomly_rotated_circles, uniq_terence
D:3:      layout_basic, elyvilon_altar_5, gammafunk_ghost_smash,
          kennysheep_generic_room_16, uniq_natasha
D:4:      layout_cave_pods, old_standard_altar, minmay_close_crescents,
          uniq_blork_the_orc
D:5:      layout_rooms, nicolae_wu_jian_wuxing_cycle,
          nicolae_sif_muna_little_library, minmay_temple_entry_large_hall,
          gammafunk_ghost_split

Skill      XL: |  1  2  3  4  5  6  7  8 |
---------------+-------------------------+-----
Stealth        | 2 3 |  3.6
Slings         | 5 6 7 |  7.9
Fighting       | 3 4 5 |  5.8
Invocations    | 2 4 |  4.3
Dodging        | |  1.7

Action                   |  1- 3 |  4- 6 |  7- 9 || total
-------------------------+-------+-------+-------++-------
Melee: Flail             |       |    24 |    43 ||    67
       Hunting sling     |       |     1 |       ||     1
 Fire: Hunting sling     |    86 |   218 |    90 ||   394
  Use: Scroll            |       |     8 |       ||     8
       Potion            |       |     4 |     1 ||     5
 Stab: Invisible         |       |     1 |       ||     1
Armor: Leather armour    |    10 |    18 |     1 ||    29
       Scale mail        |       |       |    24 ||    24
Dodge: Dodged            |    16 |    53 |    57 ||   126

Table legend: (Time is in decaauts)
 A = Elapsed time spent in this place.
 B = Non-inter-level travel time spent in this place.
 C = Inter-level travel time spent in this place.
 D = Time resting spent in this place.
 E = Time spent auto-exploring this place.
 F = Levels seen in this place.
 G = Mean time per level.
                   A        B        C        D        E       F      G
               +--------+--------+--------+--------+--------+-----+--------+
         Total |   5835 |   5693 |    142 |    628 |   4059 |   5 | 1167.0 |
       Dungeon |   5835 |   5693 |    142 |    628 |   4059 |   5 | 1167.0 |
               +--------+--------+--------+--------+--------+-----+--------+

Top non-repeatable levels by time:
     D:4: 1827 daAuts
     D:2: 1379 daAuts
     D:3: 1061 daAuts
     D:1: 952 daAuts
     D:5: 614 daAuts
